 Dungeon Crawl Stone Soup version 0.21.1-1-g345015f (webtiles) character file.

429 nicolaieve the Cleaver (level 6, 0/51 HPs)
             Began as a Minotaur Berserker on July 18, 2018.
             Was an Elder of Trog.
             Slain by Grinder (1 damage)
             ... while paralysed by Grinder
             ... on level 3 of the Dungeon.
             The game lasted 00:10:13 (2156 turns).

nicolaieve the Cleaver (Minotaur Berserker)         Turns: 2156, Time: 00:10:13

Health: 0/51       AC:  5    Str: 23    XL:     6   Next: 66%
Magic:  5/5        EV:  2    Int:  4    God:    Trog [****..]
Gold:   170        SH:  0    Dex: 10    Spells: 5/5 levels left

rFire    . . .     SeeInvis .   a - +0 hand axe
rCold    . . .     Gourm    .   (no shield)
rNeg     . . .     Faith    .   n - +0 ring mail
rPois    .         Spirit   .   (helmet restricted)
rElec    .         Reflect  .   (no cloak)
rCorr    .         Harm     .   (no gloves)
MR       .....                  (no boots)
Stlth    ..........             (no amulet)
HPRegen  0.17/turn              (no ring)
MPRegen  0.09/turn              (no ring)

@: paralysed, berserk cooldown, slowed
A: retaliatory headbutt, horns 2
a: Berserk, Trog's Hand, Brothers in Arms, Burn Spellbooks, Renounce Religion


You were on level 3 of the Dungeon.
You worshipped Trog.
Trog was greatly pleased with you.
You were hungry.

You visited 1 branch of the dungeon, and saw 3 of its levels.
You also visited: Sewer.

You collected 170 gold pieces.

Inventory:

Hand Weapons
 a - a +0 hand axe (weapon)
Armour
 n - a +0 ring mail (worn)
Wands
 m - a wand of digging (34)
 o - a wand of paralysis (17)
Scrolls
 b - a scroll of identify {unknown}
 e - a scroll of random uselessness {unknown}
 f - a scroll of amnesia {unknown}
 h - a scroll of blinking {unknown}
 i - a scroll of immolation {unknown}
 q - a scroll of fear {unknown}
Potions
 d - 2 potions of might {unknown}
 g - a potion of heal wounds {unknown}
 j - a potion of agility {unknown}
 k - a potion of mutation {unknown}
 p - a potion of flight {unknown}
Comestibles
 c - 3 rations
 l - 8 chunks of flesh


   Skills:
 - Level 3.6 Fighting
 * Level 9.1 Axes
 - Level 2.4 Armour
 - Level 2.1 Dodging


You had 5 spell levels left.
You didn't know any spells.

Dungeon Overview and Level Annotations

Branches:
Dungeon (3/15)

Altars:

Annotations:
D:3 Grinder


Innate Abilities, Weirdness & Mutations

You reflexively headbutt those who attack you in melee.
You have a pair of horns on your head.


Message History

Grinder gestures at you.
You suddenly lose the ability to move!
Grinder gestures at you.
You shrug off the repeated paralysis!
Grinder gestures at you.
You barely resist.
Some of the chunks of flesh in your inventory have rotted away.
Grinder gestures at you. Pain shoots through your body!
* * * LOW HITPOINT WARNING * * *
Grinder hits you.
* * * LOW HITPOINT WARNING * * *
Grinder hits you.
* * * LOW HITPOINT WARNING * * *
You writhe in agony.
* * * LOW HITPOINT WARNING * * *
Grinder hits you.
* * * LOW HITPOINT WARNING * * *
You writhe in agony.
You die...

..... #.##...
....##.##...
#.........
#.......#.
.##.#.##.#. .#
#...... ####.#
####.#+ #####....##
#...
#.@.....###.####.).
#5###.#..##........
#. #.....####.....
#. ##.......'.....
#.#####...####.....
#........## ##....
#######.## ##...
#.# ##.. #.# ..


You could see Grinder.

Vanquished Creatures
  2 bullfrogs (Sewer)
  A hound (D:3)
  Natasha (D:3)
  Ijyb (D:3)
  5 adders
  10 oozes (Sewer)
  A worm (D:3)
  7 leopard geckos
  5 orcs (D:3)
  7 bats
  20 giant cockroaches
  5 goblins
  6 hobgoblins
  11 jackals
  19 ball pythons
  13 frilled lizards
  8 kobolds
  4 rats
126 creatures vanquished.

Notes
Turn   | Place    | Note
-------+----------+-------------------------------------------
     0 | D:1      | nicolaieve the Minotaur Berserker began the quest for the Orb.
     0 | D:1      | Reached XP level 1. HP: 19/19 MP: 0/0
    41 | D:1      | Reached skill level 4 in Axes
    65 | D:1      | Reached XP level 2. HP: 9/26 MP: 1/1
   197 | D:1      | Reached skill level 5 in Axes
   202 | D:1      | Reached XP level 3. HP: 15/31 MP: 2/2
   312 | D:1      | Reached ** piety under Trog
   632 | D:2      | Reached skill level 6 in Axes
   632 | D:2      | Reached XP level 4. HP: 31/39 MP: 3/3
  1445 | D:3      | Noticed Ijyb
  1462 | D:3      | Killed Ijyb
  1535 | D:3      | Reached skill level 7 in Axes
  1535 | D:3      | Reached XP level 5. HP: 30/45 MP: 4/4
  1582 | D:3      | Noticed Natasha
  1594 | D:3      | Killed Natasha
  1683 | D:3      | Found a glowing drain.
  1704 | Sewer    | Entered a sewer
  1739 | Sewer    | Reached *** piety under Trog
  1870 | Sewer    | Reached skill level 8 in Axes
  1924 | Sewer    | Reached XP level 6. HP: 43/51 MP: 5/5
  2022 | Sewer    | Reached skill level 9 in Axes
  2023 | Sewer    | Reached **** piety under Trog
  2136 | D:3      | Noticed Grinder
  2143 | D:3      | Paralysed by Grinder for 5 turns
  2151 | D:3      | Paralysed by Grinder for 6 turns
  2156 | D:3      | HP: 1/51 [Grinder (4)]
  2156 | D:3      | Slain by Grinder

Skill      XL: |  1  2  3  4  5  6 |
---------------+-------------------+-----
Axes           | 4 5 6 7 8 9 |  9.1
Fighting       | |  3.6
Armour         | |  2.4
Dodging        | |  2.1

Action                   |  1- 3 |  4- 6 || total
-------------------------+-------+-------++-------
Melee: Hand axe          |    71 |   185 ||   256
       Headbutt          |    10 |    40 ||    50
Invok: Berserk           |     1 |     2 ||     3
  Eat: Chunk             |       |     6 ||     6
Armor: Animal skin       |     7 |       ||     7
       Leather armour    |     6 |    10 ||    16
       Ring mail         |       |    50 ||    50
Dodge: Dodged            |    45 |   111 ||   156
